 Dungeon Crawl Stone Soup version 0.21.1-1-g345015fe64 (webtiles) character file.

18627 denny99 the Severer (level 12, -9/92 HPs)
             Began as a Minotaur Berserker on June 21, 2018.
             Was a High Priest of Trog.
             Killed from afar by a wretched star (18 damage)
             ... with an orb of energy
             ... on level 2 of the Abyss.
             The game lasted 01:15:15 (15233 turns).

denny99 the Severer (Minotaur Berserker)           Turns: 15233, Time: 01:15:16

Health: -9/92      AC: 18    Str: 22    XL:     12   Next: 29%
Magic:  11/11      EV:  7    Int:  0    God:    Trog [*****.]
Gold:   1012       SH: 17    Dex: 14    Spells: 11/11 levels left

rFire    . . .     SeeInvis +   b - +1 broad axe
rCold    . . .     Gourm    .   i - +0 shield
rNeg     . . .     Faith    .   M - +1 plate armour {MR+}
rPois    .         Spirit   .   (helmet restricted)
rElec    .         Reflect  +   (no cloak)
rCorr    .         Harm     .   m - +1 pair of gloves
MR       ++++.     Rnd*Rage +   P - +2 pair of boots of a volcano {Dex+3}
Stlth    ..........             p - +4 amulet of reflection
HPRegen  0.25/turn              n - ring of protection from magic
MPRegen  0.12/turn              y - ring of flight

@: slowed, lost intelligence, very slow
A: retaliatory headbutt, horns 2, see invisible, [berserk 2], [deterioration 2],
[dopey 2], magic resistance 2, [weak 2], wild magic 1
a: Berserk, Trog's Hand, Brothers in Arms, Burn Spellbooks, Renounce Religion,
Evoke Flight


You were on level 2 of the Abyss.
You worshipped Trog.
Trog was extremely pleased with you.
You were not hungry.

You visited 2 branches of the dungeon, and saw 12 of its levels.
You visited the Abyss 1 time.
You also visited: Sewer and Bailey.

You collected 1012 gold pieces.

Inventory:

Hand Weapons
 a - a +5 hand axe
 b - a +1 broad axe (weapon)
Armour
 i - a +0 shield (worn)
 m - a +1 pair of gloves (worn)
 M - a +1 plate armour of magic resistance (worn)
 P - the +2 pair of boots of a volcano (worn) {Dex+3}
   (You found it on level 10 of the Dungeon)

   It affects your dexterity (+3).
Jewellery
 n - a ring of protection from magic (left hand)
 p - a +4 amulet of reflection (around neck)
 y - a ring of flight (right hand)
 H - a +3 ring of dexterity {unknown}
Wands
 r - a wand of acid (9)
 x - a wand of clouds (4)
 B - a wand of scattershot (7)
 J - a wand of disintegration (22)
Scrolls
 f - 6 scrolls of teleportation
 g - 2 scrolls of magic mapping
 h - 2 scrolls of identify
 k - 2 scrolls of enchant armour
 l - 2 scrolls of enchant weapon
 s - 2 scrolls of amnesia {unknown}
 v - a scroll of random uselessness {unknown}
 z - 2 scrolls of fear
 C - 3 scrolls of blinking {unknown}
 E - a scroll of summoning {unknown}
 F - 2 scrolls of immolation {unknown}
 I - 2 scrolls of noise {unknown}
 L - 2 scrolls of remove curse
Potions
 d - 2 potions of agility
 e - a potion of invisibility {unknown}
 j - 6 potions of might
 q - 2 potions of brilliance
 t - a potion of haste
 u - 2 potions of resistance
 w - a potion of lignification {unknown}
 A - 4 potions of curing
 D - 2 potions of flight
 K - a potion of mutation
 O - a potion of cancellation
Miscellaneous
 G - a fan of gales (inert)
Comestibles
 c - 18 rations


   Skills:
 + Level 4.7 Fighting
 - Level 18.0 Axes
 + Level 3.7 Armour
 + Level 3.4 Dodging
 * Level 13.7 Shields


You had 11 spell levels left.
You didn't know any spells.

Dungeon Overview and Level Annotations

Branches:
Dungeon (11/15)            Temple (1/1) D:7            Lair (0/6) D:10
    Orc (0/2) D:11

Altars:
Ashenzari
Cheibriados
Dithmenos
Elyvilon
Fedhas
Hepliaklqana
Kikubaaqudgha
Makhleb
Nemelex Xobeh
Okawaru
Qazlal
Ru
Sif Muna
Trog
Uskayaw
Vehumet
Wu Jian
Xom
Yredelemnul
Zin
The Shining One
Beogh

Shops:
D:6 (

Annotations:
D:5 Naru's ghost, novice HOMo
D:11 Sonja


Innate Abilities, Weirdness & Mutations

You reflexively headbutt those who attack you in melee.
You have a pair of horns on your head.
You have supernaturally acute eyesight. (SInv)
You are highly resistant to hostile enchantments. (MR++)
Your spells are a little harder to cast, but a little more powerful.
[You often lose your temper in combat.]
[Your body often deteriorates upon taking damage.]
[You are very dopey. (Int -4)]
[You are very weak. (Str -4)]


Message History

You are too injured to fight recklessly!
You are too injured to fight recklessly!
The wretched star glows turbulently.
The orb of energy hits you!
* * * LOW HITPOINT WARNING * * *
The orb of energy explodes!
The wretched star pulses with an eldritch light!
You feel yourself wasting away.
You feel your body start to fall apart.
Okay, then.
You closely miss the wretched star. Your headbutt misses the wretched star.
The wretched star is severely damaged.
You slash the wretched star!
The wretched star is almost destroyed.
The wretched star pulses with an eldritch light!
You feel a little pissed off.
You feel angry.
You hit the wretched star. Your headbutt misses the wretched star.
The wretched star is almost destroyed.
The wretched star glows turbulently.
The orb of energy hits you!
You die...

# .# #
##. ..
.. .#
.#..
##..
##*#
#.@#
#..#
#.#.#
####..
..# ##


You could see a wretched star.

Vanquished Creatures
  The ghost of Henning the Martial Artist, a journeyman GnTm of Okawaru (D:11)
  8 two-headed ogres
  An orc knight (Bailey)
  Pikel (D:4)
  The ghost of kajmaj the Digger, a novice GrEE of Vehumet (D:6)
  Psyche (D:8)
  A centaur skeleton (D:9)
  Prince Ribbit (D:5)
  A hippogriff (D:7)
  17 yaks
  3 wyverns
  Eustachio (D:4)
  A wraith (D:11)
  A hungry ghost (D:11)
  Menkaure (D:7)
  2 wargs (D:11)
  A sky beast (D:9)
  9 orc warriors
  3 necrophages
  4 ice beasts
  4 phantoms
  6 ogres
  7 centaurs
  3 big kobolds
  10 bullfrogs
  8 scorpions
  4 killer bees (D:11)
  9 wights (D:6)
  2 electric eels (D:10)
  8 howler monkeys
  4 crimson imps
  A quasit (D:11)
  4 jellies
  2 centaur zombies
  6 hounds
  3 bullfrog skeletons
  9 orc priests
  8 orc wizards
  An iguana (D:11)
  7 worker ants
  2 hound skeletons
  2 worker ant zombies
  16 adders
  8 gnolls
  2 river rats (Sewer)
  3 shadow imps
  6 oozes
  2 worms
  A dart slug (D:3)
  4 leopard geckos
  51 orcs
  4 ball pythons
  7 giant cockroaches
  9 goblins
  5 hobgoblins
  14 jackals
  2 quokkas
  7 bats
  3 frilled lizards
  A jackal skeleton (D:7)
  A jackal zombie (D:5)
  25 kobolds
  A leopard gecko skeleton (D:7)
  3 leopard gecko zombies
  9 rats
  A fungus (D:10)
  A plant (D:10)
355 creatures vanquished.

Vanquished Creatures (others)
  A centaur (D:10)
  An orc wizard (D:4)
  A leopard gecko (D:10)
  6 kobolds (Bailey)
  6 fungi (D:10)
  3 plants (D:10)
18 creatures vanquished.

Grand Total: 373 creatures vanquished

Notes
Turn   | Place    | Note
-------+----------+-------------------------------------------
     0 | D:1      | denny99 the Minotaur Berserker began the quest for the Orb.
     0 | D:1      | Reached XP level 1. HP: 19/19 MP: 0/0
   291 | D:1      | Reached XP level 2. HP: 27/27 MP: 1/1
   650 | D:1      | Reached skill level 4 in Axes
   968 | D:1      | Reached ** piety under Trog
  1052 | D:1      | Reached XP level 3. HP: 33/33 MP: 2/2
  1469 | D:2      | Reached skill level 1 in Shields
  1778 | D:2      | Reached XP level 4. HP: 39/40 MP: 3/3
  2389 | D:3      | Reached skill level 5 in Axes
  2682 | D:3      | Noticed an ogre
  2801 | D:3      | Reached *** piety under Trog
  3011 | D:3      | Reached XP level 5. HP: 46/46 MP: 4/4
  3161 | D:3      | Killed an ogre
  3161 | D:3      | Reached skill level 6 in Axes
  3550 | D:4      | Reached XP level 6. HP: 52/52 MP: 5/5
  3626 | D:4      | Reached skill level 7 in Axes
  3790 | D:4      | Found a glowing drain.
  3804 | Sewer    | Entered a sewer
  3889 | Sewer    | Reached XP level 7. HP: 59/59 MP: 6/6
  4283 | Sewer    | Reached skill level 8 in Axes
  4499 | Sewer    | Gained mutation: You have supernaturally acute eyesight. (SInv) [potion of mutation]
  4499 | Sewer    | Gained mutation: Your spells are a little harder to cast, but a little more powerful. [potion of mutation]
  4499 | Sewer    | Gained mutation: You are resistant to hostile enchantments. (MR+) [potion of mutation]
  4499 | Sewer    | Gained mutation: You are highly resistant to hostile enchantments. (MR++) [potion of mutation]
  4562 | Sewer    | Reached skill level 5 in Shields
  4586 | D:4      | Reached **** piety under Trog
  4671 | D:4      | Noticed Pikel
  4671 | D:4      | Noticed Eustachio
  4697 | D:4      | Killed Pikel
  4697 | D:4      | Reached skill level 10 in Axes
  4697 | D:4      | Reached XP level 8. HP: 66/66 MP: 7/7
  4728 | D:4      | Killed Eustachio
  4909 | D:4      | D:3
  5365 | D:4      | Found a roughly hewn altar of Beogh.
  5798 | D:5      | Entered Level 5 of the Dungeon
  5820 | D:5      | Reached skill level 11 in Axes
  5997 | D:5      | Noticed Naru's ghost (novice HOMo)
  6074 | D:5      | Reached XP level 9. HP: 71/71 MP: 8/8
  6145 | D:5      | Noticed a two-headed ogre
  6162 | D:5      | Killed a two-headed ogre
  6162 | D:5      | Reached skill level 12 in Axes
  6338 | D:5      | Noticed Prince Ribbit
  6349 | D:5      | Killed Prince Ribbit
  6443 | D:5      | Found a blossoming altar of Fedhas.
  6945 | D:6      | Reached skill level 13 in Axes
  7159 | D:6      | Found Kyvoshen's Antique Weapon Boutique.
  7314 | D:6      | Reached ***** piety under Trog
  7344 | D:6      | Noticed kajmaj's ghost (novice GrEE)
  7355 | D:6      | Killed kajmaj's ghost
  7403 | D:6      | Found a white marble altar of Elyvilon.
  7723 | D:7      | Found a staircase to the Ecumenical Temple.
  7745 | D:7      | Reached XP level 10. HP: 73/78 MP: 9/9
  7787 | D:7      | Noticed Menkaure
  7805 | D:7      | Killed Menkaure
  8248 | D:7      | Found a shadowy altar of Dithmenos.
  8305 | D:7      | Found a hide-covered altar of Uskayaw.
  8428 | D:7      | Reached skill level 14 in Axes
  8544 | D:7      | Reached skill level 10 in Shields
  8695 | D:7      | Identified Xusilaud's Almanac of Quantum Evil Arts
  9096 | Temple   | Entered the Ecumenical Temple
  9174 | D:8      | Found a flagged portal.
  9181 | D:8      | Noticed a two-headed ogre
  9194 | D:8      | Killed a two-headed ogre
  9240 | D:8      | Noticed a two-headed ogre
  9249 | Bailey   | Entered a bailey
  9379 | Bailey   | Noticed an orc knight
  9408 | Bailey   | Killed an orc knight
  9408 | Bailey   | Reached skill level 15 in Axes
  9629 | Bailey   | Found a burning altar of Makhleb.
  9949 | D:8      | Killed a two-headed ogre
 10331 | D:8      | Noticed a two-headed ogre
 10335 | D:8      | Killed a two-headed ogre
 10335 | D:8      | Reached XP level 11. HP: 84/84 MP: 10/10
 10602 | D:8      | Noticed Psyche
 10608 | D:8      | Paralysed by Psyche for 6 turns
 10621 | D:8      | Killed Psyche
 10621 | D:8      | Reached skill level 16 in Axes
 10753 | D:8      | Found a shattered altar of Ashenzari.
 10890 | D:8      | Found an ancient bone altar of Kikubaaqudgha.
 11477 | D:9      | Noticed a two-headed ogre
 11486 | D:9      | Killed a two-headed ogre
 11548 | D:9      | Noticed a two-headed ogre
 11558 | D:9      | Killed a two-headed ogre
 11558 | D:9      | Reached skill level 17 in Axes
 11630 | D:9      | Found a burning altar of Makhleb.
 11756 | D:9      | Noticed a two-headed ogre
 11762 | D:9      | Killed a two-headed ogre
 12067 | D:10     | Entered Level 10 of the Dungeon
 13166 | D:10     | Found a staircase to the Lair.
 13181 | D:10     | Got a pair of dazzling boots
 13183 | D:10     | Identified the +2 pair of boots of a volcano {Dex+3} (You found it on level 10 of the Dungeon)
 13409 | D:11     | Noticed a two-headed ogre
 13409 | D:11     | Noticed Henning's ghost (journeyman GnTm)
 13615 | D:11     | Received a gift from Trog
 13697 | D:11     | Reached XP level 12. HP: 80/91 MP: 11/11
 13726 | D:11     | Killed Henning's ghost
 13993 | D:11     | Reached skill level 18 in Axes
 14021 | D:11     | Found a staircase to the Orcish Mines.
 14500 | D:11     | Killed a two-headed ogre
 14561 | D:11     | Noticed Sonja
 15217 | D:11     | Cast into level 2 of the Abyss (Sonja)
 15223 | Abyss:2  | Lost intelligence.
 15233 | Abyss:2  | Killed from afar by a wretched star

Skill      XL: |  1  2  3  4  5  6  7  8  9 10 11 12 |
---------------+-------------------------------------+-----
Fighting       | 4 |  4.7
Axes           | 4 5 6 7 10 11 13 15 17 18 | 18.0
Shields        | 1 2 3 4 6 7 9 11 13 | 13.7
Armour         | 3 |  3.7
Dodging        | 3 |  3.4

Action                   |  1- 3 |  4- 6 |  7- 9 | 10-12 || total
-------------------------+-------+-------+-------+-------++-------
Melee: Hand axe          |    82 |    54 |    15 |   117 ||   268
       Headbutt          |     5 |    25 |    53 |   121 ||   204
       War axe           |       |    65 |   285 |       ||   350
       Broad axe         |       |       |       |   506 ||   506
Invok: Berserk           |     2 |     5 |     9 |    14 ||    30
       Trog's Hand       |       |     1 |     7 |     1 ||     9
       Burn Spellbooks   |       |       |       |     1 ||     1
       Brothers in Arms  |       |       |       |     1 ||     1
Evoke: Fan of gales      |       |       |       |     1 ||     1
  Use: Potion            |       |       |     6 |     2 ||     8
       Scroll            |       |       |     8 |     8 ||    16
 Stab: Distracted        |       |       |     1 |       ||     1
  Eat: Chunk             |     5 |     8 |    16 |    22 ||    51
       Ration            |       |     1 |     2 |     5 ||     8
Armor: Animal skin       |     1 |       |       |       ||     1
       Robe              |     6 |       |       |       ||     6
       Leather armour    |     5 |       |       |       ||     5
       Scale mail        |    16 |    29 |    41 |       ||    86
       Ring mail         |     1 |       |       |       ||     1
       Chain mail        |       |       |    27 |       ||    27
       Plate armour      |       |       |    15 |   147 ||   162
Dodge: Dodged            |    33 |    34 |    68 |    75 ||   210
Block: Shield            |    18 |    45 |   114 |   391 ||   568
       Reflection        |       |       |       |    54 ||    54
